 Dungeon Crawl Stone Soup version 0.30-a0-881-g1ff12e1e11 (webtiles) character file.

Game seed: 2577078462852701443

310 NinjaNoafa the Conjurer (level 6, -3/67 HPs)
             Began as a Draconian Conjurer on Mar 14, 2023.
             Slain by a gnoll sergeant
             ... wielding a +4 spear of flaming
              (5 damage)
             ... on level 4 of the Dungeon.
             The game lasted 00:12:04 (3234 turns).

NinjaNoafa the Conjurer (Draconian Conjurer)        Turns: 3234, Time: 00:12:05

Health: -3/67      AC: 23    Str:  9    XL:     6   Next: 17%
Magic:  0/13       EV:  2    Int: 20    God:
Gold:   135        SH:  0    Dex: 10    Spells: 11/14 levels left

rFire   . . .      SeeInvis .    (no weapon)
rCold   . . .      Faith    .    (no shield)
rNeg    . . .      Spirit   .    (body armour unavailable)
rPois   +          Reflect  .    (helmet currently unavailable)
rElec   .          Rampage  .    y - melded +0 cloak
rCorr   +          NoTele   +    (gloves currently unavailable)
Will    .....                    e - melded +0 pair of boots
Stlth   ++                       (no amulet)
HPRegen 0.31/turn                r - ring of resist corrosion
MPRegen 0.13/turn                (no ring)

@: tree-form
A: stationary, stasis, torment immunity, boosted hp, AC +6, unfitting armour,
(cold-blooded)
a: no special abilities


You were on level 4 of the Dungeon.
You were a tree.
You visited 1 branch of the dungeon, and saw 5 of its levels.

You collected 135 gold pieces.

Inventory:

Hand Weapons
 a - a +2 dagger of protection
 b - a +1 dagger of speed
Missiles
 q - a poisoned dart (quivered)
Armour
 e - a +0 pair of boots (melded)
 y - a +0 cloak (melded)
Jewellery
 r - a ring of resist corrosion (left branch)
Wands
 u - a wand of flame (7)
Scrolls
 d - a scroll of teleportation {unknown}
 f - a scroll of noise {unknown}
 h - 2 scrolls of amnesia {unknown}
 l - 2 scrolls of poison
 p - 2 scrolls of fear {unknown}
 s - a scroll of immolation {unknown}
 t - a scroll of fog {unknown}
 w - 2 scrolls of silence {unknown}
 x - a scroll of brand weapon {unknown}
Potions
 c - a potion of curing {unknown}
 g - 2 potions of brilliance {unknown}
 i - 2 potions of ambrosia {unknown}
 j - 2 potions of lignification
 k - a potion of magic
 m - 2 potions of attraction
 o - a potion of heal wounds
 v - 2 potions of haste {unknown}


   Skills:
 - Level 1.7 Dodging
 - Level 1.7 Stealth
 - Level 4.9 Spellcasting
 - Level 5.3 Conjurations
 + Level 1.3 Translocations


You had 11 spell levels left.
You knew the following spells:

 Your Spells              Type           Power      Damage    Failure   Level
a - Magic Dart            Conj           100%       1d8       1%          1
b - Searing Ray           Conj           52%        2d6       1%          2

Your spell library contained the following spells:

 Spells                   Type           Power      Damage    Failure   Level
 Slow                     Hex            16%        N/A       12%         1
 Dazzling Flash           Conj/Hex       30%        N/A       12%         3
 Portal Projectile        Hex/Tloc       14%        N/A       26%         3
 Iskenderun's Mystic Bla  Conj/Tloc      18%        2d6       30%         4
 Call Canine Familiar     Summ           4%         N/A       34%         3
 Confusing Touch          Hex            4%         N/A       34%         3
 Vampiric Draining        Necr           4%         2d6       34%         3
 Fulminant Prism          Conj/Hex       7%         3d7       36%         4
 Leda's Liquefaction      Hex/Erth       2%         N/A       75%         4


Dungeon Overview and Level Annotations

Branches:
Dungeon (5/15)
 Temple: D:4-7

Altars:
Ashenzari
Fedhas
Kikubaaqudgha
Xom
Zin

Annotations:
D:3 3 runed translucent doors, PLAYERX's ghost, amateur GnWn


Innate Abilities, Weirdness & Mutations

You are a tree.
Your roots penetrate the ground, keeping you stationary.
You cannot be teleported.
You are immune to unholy pain and torment.
Your maximum health is greatly increased.
Your equipment is partially melded.
((Your plain brown scales are hard. (AC +6)))
You cannot fit into any form of body armour.
((You are cold-blooded and may be slowed by cold attacks.))


Message History

The gnoll sergeant hits you but does no damage.
The gnoll hits you but does no damage.
The gnoll hits you from afar with a +0 halberd.
* * * LOW HITPOINT WARNING * * *
You smack the gnoll!
You kill the gnoll!
The gnoll sergeant hits you but does no damage.
The gnoll hits you but does no damage.
Your Translocations skill increases to level 1!
Casting: Searing Ray (safe; 1% risk of failure)
Confirm with . or Enter, or press ? or * to list all spells.
Aiming: Searing Ray (safe; 1% risk of failure)
Press: ? - help, Shift-Dir - straight line, f/p - gnoll
Aim: a gnoll, wielding a +0 halberd (almost dead, 82% to hit)
The searing ray hits the gnoll.
You kill the gnoll! (Press . to maintain the ray.)
The gnoll sergeant hits you from afar with a +4 spear of flaming.
* * * LOW HITPOINT WARNING * * *
The gnoll sergeant burns you.
* * * LOW HITPOINT WARNING * * *
Throw: 3 darts (poison)
Press: ? - help, Q - select action, (/) - cycle Shift-Dir - straight line, f - gnoll sergeant
Aim: a gnoll sergeant, wielding a +4 spear of flaming, wearing a +0 ring mail and wearing a +0 kite shield (moderately wounded, 67% to hit)
You throw a poisoned dart.
The poisoned dart hits the gnoll sergeant.
The gnoll sergeant is moderately wounded.
The gnoll sergeant hits you from afar with a +4 spear of flaming.
* * * LOW HITPOINT WARNING * * *
The gnoll sergeant burns you.
* * * LOW HITPOINT WARNING * * *
Throw: 2 darts (poison)
Press: ? - help, Q - select action, (/) - cycle Shift-Dir - straight line, f/p - gnoll sergeant
Aim: a gnoll sergeant, wielding a +4 spear of flaming, wearing a +0 ring mail and wearing a +0 kite shield (moderately wounded, 67% to hit)
You throw a poisoned dart.
The poisoned dart barely misses the gnoll sergeant.
The gnoll sergeant hits you from afar with a +4 spear of flaming!
* * * LOW HITPOINT WARNING * * *
The gnoll sergeant burns you.
You die...

#.#...#.......#####.
#...#.#..........[..
##.#.g#....<...g....
##..##...........g#
##..#.######....(g.#
#..#..#...##.......#
#)#g..#....#.......#
##.)###.............
##♣##..........)...
###.......<.......
##...............
#................
##....#......#...
##...#.....###..
#.......#### #.#
##......# ###
#...####


You could see a gnoll sergeant.

Vanquished Creatures
  A black bear (D:4)
  A hound (D:4)
  An iguana (D:4)
  4 gnolls (D:4)
  7 adders
  2 worms (D:2)
  A dart slug (D:4)
  4 orcs
  7 ball pythons
  5 bats
  2 endoplasms
  3 giant cockroaches
  3 goblins
  2 hobgoblins (D:3)
  2 quokkas (D:1)
  3 frilled lizards
  7 kobolds
  7 rats
62 creatures vanquished.

Notes
Turn   | Place    | Note
-------+----------+-------------------------------------------
     0 | D:1      | NinjaNoafa the Draconian Conjurer began the quest for the
                  | Orb.
     0 | D:1      | Reached XP level 1. HP: 14/14 MP: 3/3
   291 | D:1      | Reached XP level 2. HP: 18/20 MP: 2/5
   294 | D:1      | Learned a level 2 spell: Searing Ray
   810 | D:1      | Found a faded altar of an unknown god.
  1038 | D:2      | Reached XP level 3. HP: 26/26 MP: 0/7
  1564 | D:2      | Reached XP level 4. HP: 33/33 MP: 4/9
  1783 | D:3      | Found a shimmering altar of Xom.
  1787 | D:3      | Found an ancient bone altar of Kikubaaqudgha.
  1790 | D:3      | Found a blossoming altar of Fedhas.
  1793 | D:3      | Found a glowing silver altar of Zin.
  1846 | D:3      | Found a runed translucent gate.
  1846 | D:3      | Found a runed translucent gate.
  1846 | D:3      | Found a runed translucent gate.
  1846 | D:3      | Noticed PLAYERX's ghost (amateur GnWn)
  2819 | D:4      | Noticed a gnoll sergeant
  2992 | D:4      | Noticed a black bear
  3005 | D:4      | Reached XP level 5. HP: 38/38 MP: 5/11
  3016 | D:4      | Killed a black bear
  3017 | D:4      | Reached skill level 5 in Conjurations
  3158 | D:4      | Reached XP level 6. HP: 44/45 MP: 4/13
  3188 | D:5      | Entered Level 5 of the Dungeon
  3200 | D:4      | Found a broken altar of Ashenzari.
  3232 | D:4      | Reached skill level 1 in Translocations
  3234 | D:4      | HP: 2/67 [gnoll sergeant/+4 spear of flaming (12)]
  3234 | D:4      | Slain by a gnoll sergeant

Illustrated notes

Levels and vault maps discovered:
D:1:      nicolae_arrival_memento_mori, layout_basic,
          shapermc_ecumenical_altar_pompeii, due_unseen_surprise
D:2:      layout_loops_ring
D:3:      layout_basic, grunt_temple_overflow_cloverleaf,
          ebering_ghost_rock_garden
D:4:      layout_cave_pools, elyvilon_altar_1, marbit_many_paths
D:5:      layout_basic

Skill      XL: |  1  2  3  4  5  6 |
---------------+-------------------+-----
Spellcasting   | 3 4 |  4.9
Conjurations   | 5 |  5.3
Translocations | 1 |  1.3
Dodging        | |  1.7
Stealth        | |  1.7

Action                     |  1- 3 |  4- 6 || total
---------------------------+-------+-------++-------
  Melee: Dagger            |    41 |     6 ||    47
         Tailslap          |     9 |     1 ||    10
         Unarmed           |       |    10 ||    10
  Throw: Dart              |       |     2 ||     2
   Cast: Magic Dart        |    29 |    17 ||    46
         Searing Ray       |    10 |    16 ||    26
    Use: Scroll            |       |     4 ||     4
         Potion            |       |     3 ||     3
   Stab: Sleeping          |     2 |       ||     2
 Armour: Skin              |    16 |    47 ||    63
  Dodge: Dodged            |    37 |    32 ||    69

Table legend: (Time is in decaauts)
 A = Elapsed time spent in this place.
 B = Non-inter-level travel time spent in this place.
 C = Inter-level travel time spent in this place.
 D = Time resting spent in this place.
 E = Time spent auto-exploring this place.
 F = Levels seen in this place.
 G = Mean time per level.
                   A        B        C        D        E       F      G
               +--------+--------+--------+--------+--------+-----+--------+
         Total |   3232 |   2957 |    275 |      0 |   2115 |   5 |  646.4 |
       Dungeon |   3232 |   2957 |    275 |      0 |   2115 |   5 |  646.4 |
               +--------+--------+--------+--------+--------+-----+--------+

Top non-repeatable levels by time:
     D:3: 1283 daAuts
     D:1: 977 daAuts
     D:2: 630 daAuts
     D:4: 339 daAuts
     D:5: 1 daAuts
